 Dungeon Crawl Stone Soup version 0.31-a0-150-g89dc3ad700 (webtiles) character file.

Game seed: 11303744286006517952

27 mopl the Vexing (level 2, -1/16 HPs)
             Began as a Deep Elf Enchanter on June 8, 2023.
             Slain by a jackal (2 damage)
             ... on level 1 of the Dungeon.
             The game lasted 00:01:30 (1067 turns).

mopl the Vexing (Deep Elf Enchanter)                Turns: 1067, Time: 00:01:30

Health: -1/16      AC:  2    Str:  5    XL:     2   Next: 93%
Magic:  1/8        EV: 12    Int: 19    God:
Gold:   79         SH:  0    Dex: 15    Spells: 5/7 levels left

rFire   . . .        a - +1 dagger
rCold   . . .        (no shield)
rNeg    . . .        b - +0 robe
rPois   .            (no helmet)
rElec   .            (no cloak)
rCorr   .            (no gloves)
SInv    .            (no boots)
Will    .....        (no amulet)
Stlth   +++          (no ring)
HPRegen 0.22/turn    (no ring)
MPRegen 0.11/turn

%: no passive effects
@: no status effects
A: no striking features
a: no special abilities


You were on level 1 of the Dungeon.
You visited 1 branch of the dungeon, and saw 2 of its levels.

You collected 79 gold pieces.

Inventory:

Hand Weapons
 a - a +1 dagger (weapon)
Missiles
 h - 5 poisoned darts
Armour
 b - a +0 robe (worn)
Scrolls
 d - a scroll of fog {unknown}
 f - a scroll of identify {unknown}
 i - a scroll of magic mapping {unknown}
 j - a scroll of enchant armour {unknown}
 n - a scroll of teleportation {unknown}
Potions
 c - 2 potions of invisibility
 e - a potion of magic {unknown}
 g - a potion of lignification {unknown}
 k - a potion of haste {unknown}
 l - a potion of enlightenment {unknown}
 m - a potion of cancellation {unknown}


   Skills:
 + Level 0.7 Fighting
 + Level 1.4 Short Blades
 - Level 2.4 Dodging
 + Level 4.0 Stealth
 + Level 3.4 Spellcasting
 + Level 4.3 Hexes


You had 5 spell levels left.
You knew the following spells:

 Your Spells              Type           Power      Damage    Failure   Level
b - Ensorcelled Hibernat  Hex/Ice        22%        N/A       9%          2

Your spell library contained the following spells:

 Spells                   Type           Power      Damage    Failure   Level
 Confusing Touch          Hex            19%        N/A       8%          3
 Tukima's Dance           Hex            19%        N/A       8%          3
 Dazzling Flash           Conj/Hex       22%        N/A       19%         3


Dungeon Overview and Level Annotations

Branches:
Dungeon (2/15)

Altars:

Annotations:
D:2 dig


Message History

* * * LOW HITPOINT WARNING * * *
The jackal attacks as you move away!
The jackal bites you but does no damage.
The jackal attacks as you move away! The jackal completely misses you.
The jackal barely misses you. The jackal attacks as you move away!
The jackal bites you but does no damage.
The jackal closely misses you.
Casting: Ensorcelled Hibernation (safe; 9% risk of failure)
Confirm with . or Enter, or press ? or * to list all spells.
Aiming: Ensorcelled Hibernation (safe; 9% risk of failure)
Press: ? - help, Shift-Dir - straight line, f/p - jackal
Aim: a jackal (chance to affect: 62%)
The jackal resists with significant effort.
The jackal bites you but does no damage.
The jackal misses you. The jackal attacks as you move away!
The jackal misses you. The jackal attacks as you move away!
The jackal closely misses you. The jackal bites you.
* * * LOW HITPOINT WARNING * * *
The jackal barely misses you. The jackal attacks as you move away!
The jackal bites you.
* * * LOW HITPOINT WARNING * * *
Your magical contamination has completely faded away.
There is a stone staircase leading up here.
The jackal barely misses you. The jackal completely misses you.
You climb upwards.
There is a stone staircase leading down here.
You barely miss the jackal. The jackal barely misses you.
You hit the jackal.
The jackal is heavily wounded.
The jackal barely misses you.
You barely miss the jackal.
The jackal is heavily wounded.
The jackal bites you.
* * * LOW HITPOINT WARNING * * *
You hit the jackal but do no damage.
The jackal is heavily wounded.
The jackal bites you.
You die...

############# #...........# ##
#.#########.# #. #.#.......#.# #.
#.#.#####.#.####.
#################.#.#####.#.#....
................@h..##......#....
....######.######+#..#.##.####...
....######.# #..................
....'...##.# #....#...###.######
....###.##.####....##......#.....
....# #.##........#####....##.###
....# #.##################.......
....###.#.....#...~~~~...#.#.####
........#..<..#..........#.......


You could see a jackal.

Vanquished Creatures
  A worm (D:1)
  A dart slug (D:1)
  4 endoplasms
  A giant cockroach (D:2)
  3 hobgoblins
  4 jackals (D:2)
  A ball python (D:1)
  A bat (D:2)
  2 kobolds (D:2)
  A rat (D:1)
19 creatures vanquished.

Notes
Turn   | Place    | Note
-------+----------+-------------------------------------------
     0 | D:1      | mopl the Deep Elf Enchanter began the quest for the Orb.
     0 | D:1      | Reached XP level 1. HP: 10/10 MP: 6/6
   293 | D:1      | Reached XP level 2. HP: 16/16 MP: 8/8
   296 | D:1      | Learned a level 2 spell: Ensorcelled Hibernation
   999 | D:2      | Reached skill level 4 in Stealth
  1067 | D:1      | Slain by a jackal

Illustrated notes

Levels and vault maps discovered:
D:1:      scummos_arrival_gate, layout_basic, nicolae_wormholes
D:2:      layout_basic, serial_shops, shop, minmay_surrounded

Skill      XL: |  1  2 |
---------------+-------+-----
Stealth        | 4 |  4.0
Fighting       | |  0.7
Short Blades   | |  1.4
Dodging        | |  2.4
Spellcasting   | |  3.4
Hexes          | |  4.3

Action                     || total
---------------------------++-------
  Melee: Dagger            ||    59
         Punch             ||     1
   Cast: Ensorcelled Hiber ||    10
   Stab: Sleeping          ||     7
 Armour: Robe              ||    15
  Dodge: Dodged            ||    56

Table legend: (Time is in decaauts)
 A = Elapsed time spent in this place.
 B = Non-inter-level travel time spent in this place.
 C = Inter-level travel time spent in this place.
 D = Time resting spent in this place.
 E = Time spent auto-exploring this place.
 F = Levels seen in this place.
 G = Mean time per level.
                   A        B        C        D        E       F      G
               +--------+--------+--------+--------+--------+-----+--------+
         Total |   1063 |   1052 |     11 |     64 |    783 |   2 |  531.5 |
       Dungeon |   1063 |   1052 |     11 |     64 |    783 |   2 |  531.5 |
               +--------+--------+--------+--------+--------+-----+--------+

Top non-repeatable levels by time:
     D:1: 891 daAuts
     D:2: 172 daAuts
